R - U22
CAPE CORAL HAMMERHEADS @ DAYTONA BEACH HURRICANES
07/10/2052
 
TOP OF THE 1ST
Ahwatukee Roughnecks batting - Pitching for Buckeye Quahogs : RHP Félix Ferrera
Pitching: RHP Félix Ferrera
Batting: RHB Matthew Parker 0-0: Called Strike
0-1: Called Strike
0-2: Ball
1-2: Strikes out swinging
Batting: RHB Rehybell Barrera 0-0: Ball
1-0: Foul Ball, location: 2F
1-1: SINGLE (Groundball, 56D, EV 97.5 MPH)
Batting: RHB Jeremiah Warren 0-0: Ball
1-0: Foul Ball, location: 2F
1-1: Reached on error, E6 (Groundball, 56, EV 85.6 MPH)
Rehybell Barrera to second
Batting: LHB Carlos Chavez 0-0: Called Strike
0-1: Swinging Strike
0-2: Ball
1-2: Ball
2-2: Ball
3-2: Fielders Choice at 2nd, 4-6 (Groundball, 4M, EV 105.6 MPH)
Rehybell Barrera to third
Batting: RHB Gudesteo Adames 0-0: Ball
1-0: Called Strike
1-1: Ball
2-1: Ball
3-1: Called Strike
3-2: Fly out, F7 (Flyball, 78M, EV 88.1 MPH)
Top of the 1st over - 0 runs, 1 hit, 1 error, 2 left on base; Ahwatukee 0 - Buckeye 0
BOTTOM OF THE 1ST
Buckeye Quahogs batting - Pitching for Ahwatukee Roughnecks : RHP Liam Iversen
Pitching: RHP Liam Iversen
Batting: RHB Iván Ortiz 0-0: Called Strike
0-1: Ball
1-1: Ground out 6-3 (Groundball, 6, EV 88.8 MPH)
Batting: RHB Kieran De La Torre 0-0: Swinging Strike
0-1: Ball
1-1: Ball
2-1: Fly out, F8 (Flyball, 8LD, EV 89.4 MPH)
Batting: RHB Roger Roberts 0-0: Swinging Strike
0-1: Called Strike
0-2: Fly out, F9 (Line Drive, 9, EV 107.5 MPH)
Bottom of the 1st over - 0 runs, 0 hits, 0 errors, 0 left on base; Ahwatukee 0 - Buckeye 0
TOP OF THE 2ND
Ahwatukee Roughnecks batting - Pitching for Buckeye Quahogs : RHP Félix Ferrera
Batting: RHB Derek Eades 0-0: Ball
1-0: Called Strike
1-1: Ball
2-1: Ground out 6-3 (Groundball, 6, EV 81.2 MPH)
Batting: LHB Ben Fay 0-0: Swinging Strike
0-1: Called Strike
0-2: Ball
1-2: Ball
2-2: Strikes out swinging
Batting: LHB Finn Link 0-0: Ball
1-0: SINGLE (Groundball, 4MD, EV 108.1 MPH)
Batting: RHB Bruce Black 0-0: Foul Ball, location: 2F
0-1: Foul Ball, location: 2F
0-2: Ball
1-2: Ball
2-2: Foul Ball, location: 2F
2-2: Foul Ball, location: 2F
2-2: Ball
3-2: Strikes out looking
Top of the 2nd over - 0 runs, 1 hit, 0 errors, 1 left on base; Ahwatukee 0 - Buckeye 0
BOTTOM OF THE 2ND
Buckeye Quahogs batting - Pitching for Ahwatukee Roughnecks : RHP Liam Iversen
Batting: RHB Luke Sills 0-0: Ball
1-0: Ground out 3-1 (Groundball, 34S, EV 82.5 MPH)
Batting: LHB Butch Brooks 0-0: Ball
1-0: Ball
2-0: Called Strike
2-1: Foul Ball, location: 2F
2-2: Ball
3-2: Base on Balls
Batting: RHB Josiah Layman 0-0: Swinging Strike
0-1: Swinging Strike
Butch Brooks is caught stealing 2nd base 2-4
0-2: Foul Ball, location: 2F
0-2: Ball
1-2: Fly out, F4 (Popup, 34, EV 61.9 MPH)
Bottom of the 2nd over - 0 runs, 0 hits, 0 errors, 0 left on base; Ahwatukee 0 - Buckeye 0
TOP OF THE 3RD
Ahwatukee Roughnecks batting - Pitching for Buckeye Quahogs : RHP Félix Ferrera
Batting: RHB Matthew Parker 0-0: Ball
1-0: Called Strike
1-1: Fly out, F9 (Flyball, 89M, EV 92.5 MPH)
Batting: RHB Rehybell Barrera 0-0: Swinging Strike
0-1: Ground out 6-3 (Groundball, 6, EV 86.2 MPH)
Batting: RHB Jeremiah Warren 0-0: Called Strike
0-1: Called Strike
0-2: Foul Ball, location: 2F
0-2: SINGLE (Flyball, 6D, EV 91.9 MPH)
Batting: LHB Carlos Chavez 0-0: Ball
1-0: Called Strike
1-1: Called Strike
1-2: Ball
2-2: Strikes out swinging
Top of the 3rd over - 0 runs, 1 hit, 0 errors, 1 left on base; Ahwatukee 0 - Buckeye 0
BOTTOM OF THE 3RD
Buckeye Quahogs batting - Pitching for Ahwatukee Roughnecks : RHP Liam Iversen
Batting: SHB José Ángel Ramos 0-0: Foul Ball, location: 2F
0-1: Foul Ball, location: 2F
0-2: Ball
1-2: Ground out 6-3 (Groundball, 6M, EV 86.2 MPH)
Batting: RHB Andy Moran 0-0: Called Strike
0-1: Ball
1-1: Foul Ball, location: 2F
1-2: Ground out 4-3 (Groundball, 4, EV 87.5 MPH)
Batting: RHB Darcy Allen 0-0: Called Strike
0-1: Foul Ball, location: 2F
0-2: Ball
1-2: Ball
2-2: Foul Ball, location: 2F
2-2: Fly out, F8 (Flyball, 8RXD, EV 98.8 MPH)
Bottom of the 3rd over - 0 runs, 0 hits, 0 errors, 0 left on base; Ahwatukee 0 - Buckeye 0
TOP OF THE 4TH
Ahwatukee Roughnecks batting - Pitching for Buckeye Quahogs : RHP Félix Ferrera
Batting: RHB Gudesteo Adames 0-0: Ball
1-0: Swinging Strike
1-1: Foul Ball, location: 2F
1-2: Ball
2-2: Ball
3-2: Foul Ball, location: 2F
3-2: Foul Ball, location: 2F
3-2: SINGLE (Flyball, 6D, EV 84.4 MPH)
Batting: RHB Derek Eades 0-0: Called Strike
0-1: Foul Ball, location: 2F
0-2: Ball
1-2: Ball
2-2: Foul Ball, location: 2F
2-2: Ball
3-2: SINGLE (Flyball, 8RS, EV 92.5 MPH)
Gudesteo Adames to second
Batting: LHB Ben Fay 0-0: Foul Ball, location: 2F
0-1: Ball
1-1: Foul Ball, location: 2F
1-2: Ball
2-2: Foul Ball, location: 2F
2-2: Foul Ball, location: 2F
2-2: DOUBLE (Groundball, 5L, EV 102.5 MPH)
Gudesteo Adames scores
Derek Eades to third
Batting: LHB Finn Link 0-0: Called Strike
0-1: Called Strike
0-2: Ball
1-2: Strikes out looking
Batting: RHB Bruce Black 0-0: Called Strike
0-1: Foul Ball, location: 2F
0-2: Ball
1-2: Foul Ball, location: 2F
1-2: Fly out, F7 (Flyball, 7S, EV 95.0 MPH)
Batting: RHB Matthew Parker 0-0: Ball
1-0: Swinging Strike
1-1: Foul Ball, location: 2F
1-2: Ground out 5-3 (Groundball, 5, EV 81.9 MPH)
Top of the 4th over - 1 run, 3 hits, 0 errors, 2 left on base; Ahwatukee 1 - Buckeye 0
BOTTOM OF THE 4TH
Buckeye Quahogs batting - Pitching for Ahwatukee Roughnecks : RHP Liam Iversen
Batting: RHB Iván Ortiz 0-0: Fly out, F7 (Line Drive, 7, EV 91.9 MPH)
Batting: RHB Kieran De La Torre 0-0: Ball
1-0: Ball
2-0: Ball
3-0: Called Strike
3-1: Base on Balls
Batting: RHB Roger Roberts 0-0: Ball
Kieran De La Torre is caught stealing 2nd base 2-4
1-0: Called Strike
1-1: Ground out 6-3 (Groundball, 6, EV 88.8 MPH)
Bottom of the 4th over - 0 runs, 0 hits, 0 errors, 0 left on base; Ahwatukee 1 - Buckeye 0
TOP OF THE 5TH
Ahwatukee Roughnecks batting - Pitching for Buckeye Quahogs : RHP Félix Ferrera
Batting: RHB Rehybell Barrera 0-0: Foul Ball, location: 2F
0-1: Foul Ball, location: 2F
0-2: Foul Ball, location: 2F
0-2: Ball
1-2: Ball
2-2: Ball
3-2: Ground out 6-3 (Groundball, 6MS, EV 78.1 MPH)
Pitching: LHP Félix Soto
Batting: RHB Jeremiah Warren 0-0: Ball
1-0: Ground out U3 (Groundball, 34S, EV 88.8 MPH)
Batting: LHB Carlos Chavez 0-0: Called Strike
0-1: Ball
1-1: Called Strike
1-2: SINGLE (Line Drive, 6MD, EV 95.0 MPH)
Batting: RHB Gudesteo Adames 0-0: Foul Ball, location: 2F
0-1: Foul Ball, location: 2F
0-2: Strikes out swinging
Top of the 5th over - 0 runs, 1 hit, 0 errors, 1 left on base; Ahwatukee 1 - Buckeye 0
BOTTOM OF THE 5TH
Buckeye Quahogs batting - Pitching for Ahwatukee Roughnecks : RHP Liam Iversen
Batting: RHB Luke Sills 0-0: Ball
1-0: Ball
2-0: Ball
3-0: Called Strike
3-1: Foul Ball, location: 2F
3-2: Foul Ball, location: 2F
3-2: Foul Ball, location: 2F
3-2: Foul Ball, location: 2F
3-2: Base on Balls
Batting: LHB Butch Brooks 0-0: Ball
1-0: Called Strike
1-1: Foul Ball, location: 2F
1-2: SINGLE (Line Drive, 8RS, EV 105.0 MPH)
Luke Sills to second
Batting: RHB Josiah Layman 0-0: Sac Bunt to 2L - play at first, batter OUT! 2-4
Luke Sills to third
Butch Brooks to second
Batting: SHB José Ángel Ramos 0-0: Swinging Strike
0-1: Swinging Strike
0-2: Ball
1-2: Ball
2-2: Strikes out looking
Batting: RHB Andy Moran 0-0: Reached on error, E6 (Groundball, 6, EV 90.6 MPH)
Luke Sills scores
Butch Brooks to third
Batting: RHB Darcy Allen 0-0: Called Strike
0-1: Called Strike
0-2: Ball
1-2: Ball
2-2: SINGLE (Line Drive, 9LS, EV 94.4 MPH)
Butch Brooks scores
Andy Moran to second
Runner from 2nd tries for 3rd, OUT! 9-5
Bottom of the 5th over - 2 runs, 2 hits, 1 error, 1 left on base; Ahwatukee 1 - Buckeye 2
TOP OF THE 6TH
Ahwatukee Roughnecks batting - Pitching for Buckeye Quahogs : LHP Félix Soto
Batting: RHB Derek Eades 0-0: Reached on error, E5 (Groundball, 56, EV 88.1 MPH)
Batting: LHB Ben Fay 0-0: Ball
1-0: Ball
2-0: Fly out, F6 (Flyball, 56D, EV 76.2 MPH)
Pinch Hitting: RHB Travis DelGaizo 0-0: Ball
1-0: Swinging Strike
1-1: Foul Ball, location: 2F
1-2: Strikes out swinging
Batting: RHB Bruce Black 0-0: Foul Ball, location: 2F
0-1: Fly out, F7 (Flyball, 78M, EV 87.5 MPH)
Top of the 6th over - 0 runs, 0 hits, 1 error, 1 left on base; Ahwatukee 1 - Buckeye 2
BOTTOM OF THE 6TH
Buckeye Quahogs batting - Pitching for Ahwatukee Roughnecks : RHP Liam Iversen
Pitching: RHP Juan Rodríguez
Now in RF: Nate McLellan
Batting: RHB Iván Ortiz 0-0: Ball
1-0: Fly out, F9 (Flyball, 9S, EV 91.9 MPH)
Batting: RHB Kieran De La Torre 0-0: Ball
1-0: Swinging Strike
1-1: Ball
2-1: Ball
3-1: SINGLE (Line Drive, 8LS, EV 96.9 MPH)
Batting: RHB Roger Roberts 0-0: Ball
1-0: Called Strike
1-1: Ball
2-1: Ball
3-1: Foul Ball, location: 2F
3-2: Base on Balls
Kieran De La Torre to second
Batting: RHB Luke Sills 0-0: Swinging Strike
0-1: Called Strike
0-2: Strikes out looking
Batting: LHB Butch Brooks 0-0: Swinging Strike
0-1: Ball
1-1: Foul Ball, location: 2F
1-2: Ball
2-2: Fly out, F7 (Flyball, 7, EV 92.5 MPH)
Bottom of the 6th over - 0 runs, 1 hit, 0 errors, 2 left on base; Ahwatukee 1 - Buckeye 2
TOP OF THE 7TH
Ahwatukee Roughnecks batting - Pitching for Buckeye Quahogs : LHP Félix Soto
Batting: RHB Matthew Parker 0-0: SINGLE (Groundball, 5S, EV 67.5 MPH) (infield hit)
Batting: RHB Rehybell Barrera 0-0: Ball
1-0: Bunted foul
1-1: Sac Bunt to P - play at second, runner OUT! 1-6
Batting: RHB Jeremiah Warren 0-0: Ball
1-0: Called Strike
1-1: Fly out, F8 (Flyball, 89D, EV 91.9 MPH)
Batting: LHB Carlos Chavez 0-0: Ball
1-0: Ball
2-0: Fly out, F8 (Flyball, 8LS, EV 83.8 MPH)
Top of the 7th over - 0 runs, 1 hit, 0 errors, 1 left on base; Ahwatukee 1 - Buckeye 2
BOTTOM OF THE 7TH
Buckeye Quahogs batting - Pitching for Ahwatukee Roughnecks : RHP Juan Rodríguez
Batting: RHB Josiah Layman 0-0: Ball
1-0: Ground out 5-3 (Groundball, 56S, EV 81.9 MPH)
Batting: SHB José Ángel Ramos 0-0: Ground out 6-3 (Groundball, 6, EV 81.2 MPH)
Batting: RHB Andy Moran 0-0: Ball
1-0: Ball
2-0: Ground out 5-3 (Groundball, 15, EV 87.5 MPH)
Bottom of the 7th over - 0 runs, 0 hits, 0 errors, 0 left on base; Ahwatukee 1 - Buckeye 2
TOP OF THE 8TH
Ahwatukee Roughnecks batting - Pitching for Buckeye Quahogs : LHP Félix Soto
Batting: RHB Gudesteo Adames 0-0: Ball
1-0: Ball
2-0: Swinging Strike
2-1: Ground out 5-3 (Groundball, 5, EV 82.5 MPH)
Batting: RHB Derek Eades 0-0: Ball
1-0: Ground out 6-3 (Groundball, 6, EV 79.4 MPH)
Pinch Hitting: RHB Franco Ibarra 0-0: Fly out, F8 (Line Drive, 8LD, EV 104.4 MPH)
Top of the 8th over - 0 runs, 0 hits, 0 errors, 0 left on base; Ahwatukee 1 - Buckeye 2
BOTTOM OF THE 8TH
Buckeye Quahogs batting - Pitching for Ahwatukee Roughnecks : RHP Juan Rodríguez
Now at SS: Anthony Johnson
Batting: RHB Darcy Allen 0-0: Foul Ball, location: 2F
0-1: Ball
1-1: Ball
2-1: SINGLE (Groundball, 34D, EV 102.5 MPH)
Batting: RHB Iván Ortiz 0-0: Sac Bunt to 15S - play at first, batter OUT! 1-4
Darcy Allen to second
Batting: RHB Kieran De La Torre 0-0: Ground out 5-3 (Groundball, 5, EV 88.8 MPH)
Batting: RHB Roger Roberts 0-0: Called Strike
0-1: Ground out 5-3 (Groundball, 56S, EV 90.6 MPH)
Bottom of the 8th over - 0 runs, 1 hit, 0 errors, 1 left on base; Ahwatukee 1 - Buckeye 2
TOP OF THE 9TH
Ahwatukee Roughnecks batting - Pitching for Buckeye Quahogs : LHP Félix Soto
Pitching: RHP Judd Lien
Now at 1B: Leo Palafox
Now at SS: Carter Sitkowski
Pinch Hitting: SHB Miguel Córdoba 0-0: Ball
1-0: Ball
2-0: Foul Ball, location: 2F
2-1: Ball
3-1: Fly out, F9 (Flyball, 9S, EV 92.5 MPH)
Batting: RHB Bruce Black 0-0: Swinging Strike
0-1: Ground out 4-3 (Groundball, 4, EV 87.5 MPH)
Pinch Hitting: RHB Rusty Braun 0-0: Ball
1-0: Called Strike
1-1: Ball
2-1: Swinging Strike
2-2: Strikes out swinging
Top of the 9th over - 0 runs, 0 hits, 0 errors, 0 left on base; Ahwatukee 1 - Buckeye 2
Sunday, April 28th , 2024 - OOTP Baseball 24.11 Build 85